Map: Frozen Temple

Players

Borges - Winner!

  • Race: Zerg Zerg
  • League: Platinum

mercury

  • Race: Terran Terran
  • League: Platinum

VOD

Have the link to the VOD?

Description

Time

  • Played on: Aug. 22, 2016, 5:05 p.m.
  • Length: 5:50
Show
View Real Time Build Order
Export as new Build Order

Borges Zerg - Winner!

Build Orders: Hatch First 

Get SALT Encoding   

  12  0:00  Drone  
  13  0:13  Overlord  
  13  0:19  Drone  
  14  0:31  Drone x2  
  14  0:35  Drone  
  17  0:53  Hatchery  
  17  0:56  Drone  
  17  0:59  Drone  
  17  1:02  Extractor  
  17  1:07  Drone  
  18  1:20  Spawning Pool  
  17  1:28  Drone  
  17  1:29  Drone  
  19  1:39  Overlord  
  19  2:07  Metabolic Boost, Queen  
  21  2:08  Queen  
  21  2:09  Zergling x2  
  21  2:10  Zergling x2  
  21  2:12  Drone  
  21  2:15  Drone  
  27  2:21  Drone  
  27  2:22  Drone  
  29  2:26  Drone  
  30  2:32  Overlord  
  30  2:37  Overlord  
  30  2:51  Queen  
  30  2:52  Pneumatized Carapace  
  32  2:59  Drone x2  
  32  3:00  Drone  
  32  3:01  Drone  
  32  3:05  Drone  
  37  3:09  Drone  
  38  3:15  Overlord  
  38  3:26  Drone  
  38  3:27  Drone x4  
  40  3:28  Drone  
  43  3:42  Hatchery  
  43  3:44  Spine Crawler  
  42  3:50  Zergling x2  
  42  3:51  Zergling x6  
  42  3:52  Spine Crawler  
  45  3:58  Zergling x4  
  47  4:04  Zergling x2  
  46  4:10  Zergling x2  
  37  4:17  Zergling x2  
  26  4:27  Zergling x14, Spine Crawler  
  26  4:28  Spine Crawler  
  26  4:40  Zergling x2  
  26  4:41  Zergling x4  
  26  4:44  Zergling x2  
  22  4:53  Zergling x8  
  25  5:03  Zergling x2  
  24  5:27  Baneling Nest  
  23  5:30  Drone  
Show
View Real Time Build Order
Export as new Build Order

mercury Terran 

Build Orders:  

Get SALT Encoding   

  12  0:01  SCV  
  13  0:18  Supply Depot, SCV  
  14  0:30  SCV  
  15  0:40  Barracks  
  15  0:42  SCV  
  16  0:47  Supply Depot  
  16  0:58  Barracks  
  16  1:09  Barracks  
  16  1:21  Barracks  
  16  1:33  Marine  
  16  1:37  Orbital Command  
  17  1:50  Barracks  
  17  2:08  SCV  
  18  2:10  Marine x3  
  18  2:12  Marine  
  22  2:20  SCV  
  23  2:23  Supply Depot  
  23  2:28  Marine x2  
  23  2:29  Marine  
  26  2:36  Marine  
  27  2:38  Marine  
  28  2:46  SCV, Supply Depot, Marine  
  28  2:51  Marine x2  
  31  2:55  Marine  
  33  2:58  SCV  
  33  3:00  Marine  
  33  3:03  Marine  
  36  3:09  Marine  
  37  3:26  SCV  
  38  3:38  SCV  
  38  3:50  SCV  
  38  3:52  Marine  
  40  4:01  Marine  
  40  4:02  SCV  
  40  4:14  SCV  
  24  4:43  Marine x4  
  22  4:54  Marine  
  23  5:01  Marine  
  17  5:07  SCV  
  15  5:15  Marine  
  15  5:19  Marine  
  17  5:23  Marine  
  18  5:30  Marine  
Tags
 
Add a new tag
Caveats
  • Supply blocks, unpowered buildings, or Contaminate may cause inaccurate times.
  • Supply counts are checked every 10 seconds.